 Dungeon Crawl Stone Soup version 0.22.1-2-g9c5b331383 (webtiles) character file.

57697 Peloso the Peltast (level 14, -1/127 HPs)
             Began as a Minotaur Fighter on Nov 25, 2018.
             Was the Champion of Okawaru.
             Slain by a death yak (9 damage)
             ... on level 6 of the Lair of Beasts.
             The game lasted 00:55:20 (22237 turns).

Peloso the Peltast (Minotaur Fighter)              Turns: 22237, Time: 00:55:20

Health: -1/127     AC: 18    Str: 25    XL:     14   Next: 46%
Magic:  14/14      EV:  2    Int: 12    God:    Okawaru [******]
Gold:   1027       SH:  0    Dex: 16    Spells: 13/13 levels left

rFire    + . .     SeeInvis .   b - +9 long sword of Hamibyl {flame, Dex+3}
rCold    + + +     Gourm    .   c - +1 shield
rNeg     + + +     Faith    +   p - +6 scale mail of Amelioration {rN+ Int+6}
rPois    ∞         Spirit   .   (helmet restricted)
rElec    .         Reflect  .   h - scarf {rC+ rF+}
rCorr    .         Harm     .   t - +0 pair of gloves {archery}
MR       +....                  (no boots)
Stlth    +.........             K - amulet of faith
HPRegen  0.31/turn              F - ring of the Octopus King {rC+ AC+1 EV+1 Str+1 Int+1 Dex+1}
MPRegen  0.14/turn              w - ring "Qeonurr" {rPois rC+ Slay+3}

@: petrified, studying Ice Magic
A: retaliatory headbutt, horns 2
a: Heroism, Finesse, Renounce Religion


You were on level 6 of the Lair of Beasts.
You worshipped Okawaru.
Okawaru was exalted by your worship.
You were not hungry.

You visited 3 branches of the dungeon, and saw 19 of its levels.
You also visited: Sewer.

You collected 1587 gold pieces.
You spent 560 gold pieces at shops.

Inventory:

Hand Weapons
 a - the +1 double sword "Tughyxt" {protect, rElec rN+ Str-2}
   (Okawaru gifted it to you on level 6 of the Lair of Beasts)

   It protects the one who uses it against injury (+AC on strike).
   It affects your strength (-2).
   It insulates you from electricity.
   It protects you from negative energy.
 b - the +9 long sword of Hamibyl (weapon) {flame, Dex+3}
   (Okawaru gifted it to you on level 3 of the Lair of Beasts)

   It has been specially enchanted to burn those struck by it, causing extra
   injury to most foes and up to half again as much damage against particularly
   susceptible opponents.
   Big, fiery blades are also staple armaments of hydra-hunters.
   It affects your dexterity (+3).
 z - a +4 scimitar of flaming
 L - a +2 demon blade of venom
 M - a +0 long sword of holy wrath
Armour
 c - a +1 shield (worn)
 h - a scarf of resistance (worn)
 p - the +6 scale mail of Amelioration (worn) {rN+ Int+6}
   (Okawaru gifted it to you on level 2 of the Lair of Beasts)

   It affects your intelligence (+6).
   It protects you from negative energy.
 s - a +0 plate armour
 t - a +0 pair of gloves of archery (worn)
 A - +0 acid dragon scales
 N - a +2 cloak
 R - the +1 pair of boots of Vuradusch {Str-4 Dex+5 Stlth-}
   (Okawaru gifted it to you on level 6 of the Lair of Beasts)

   It affects your strength (-4).
   It affects your dexterity (+5).
   It makes you less stealthy.
Jewellery
 o - an uncursed ring of wizardry
 w - the ring "Qeonurr" (right hand) {rPois rC+ Slay+3}
   (You found it on level 2 of the Lair of Beasts)

   [ring of protection from cold]

   It affects your accuracy and damage with ranged weapons and melee attacks
   (+3).
   It protects you from cold.
   It protects you from poison.
 F - a ring of the Octopus King (left hand) {rC+ AC+1 EV+1 Str+1 Int+1 Dex+1}
   (You found it on level 2 of the Lair of Beasts)

   [ring of protection from cold]

   It affects your AC (+1).
   It affects your evasion (+1).
   It affects your strength (+1).
   It affects your intelligence (+1).
   It affects your dexterity (+1).
   It protects you from cold.
 K - an amulet of faith (around neck)
 O - the ring "Mavoydghy" {rCorr rPois rN+++ MP+9 Stlth-}
   (You found it on level 5 of the Lair of Beasts)

   [ring of resist corrosion]

   It protects you from poison.
   It renders you almost immune to negative energy.
   It affects your magic capacity (+9).
   It makes you less stealthy.
Wands
 l - a wand of polymorph (16)
 y - a wand of enslavement (3)
 B - a wand of iceblast (6)
 D - a wand of digging (9)
Scrolls
 i - 9 scrolls of remove curse
 j - a scroll of enchant weapon
 k - 2 scrolls of identify
 n - 5 scrolls of teleportation
 u - 2 scrolls of blinking
 v - a scroll of silence
 x - a scroll of acquirement {unknown}
 C - 5 scrolls of magic mapping
 G - a scroll of fog
 J - a scroll of fear {unknown}
 Q - a scroll of enchant armour
Potions
 d - a potion of might
 e - 10 potions of curing
 g - 4 potions of agility
 m - 2 potions of haste
 q - a potion of magic
 r - 5 potions of mutation
 E - 3 potions of flight
 I - a potion of ambrosia
Books
 H - a manual of Ice Magic
Comestibles
 f - 29 rations


   Skills:
 + Level 12.7 Fighting
 + Level 15.2 Long Blades
 + Level 13.3 Armour
 + Level 8.1 Dodging
 + Level 2.4 Stealth
 + Level 15.9 Shields
 + Level 0.5 Unarmed Combat
 + Level 2.0 Invocations
 + Level 2.1 Evocations


You had 13 spell levels left.
You didn't know any spells.
Your spell library contained the following spells:

 Spells                   Type           Power        Failure   Level  Hunger
 Animate Skeleton         Necr           N/A          54%         1    ##.....
 Flame Tongue             Conj/Fire      #....        54%         1    ##.....
 Freeze                   Ice            #...         54%         1    ##.....
 Pain                     Necr           #...         54%         1    ##.....
 Summon Butterflies       Summ           #.......     54%         1    ##.....
 Poisonous Vapours        Pois/Air       #.....       67%         2    ###....
 Throw Frost              Conj/Ice       #.....       67%         2    ###....
 Call Canine Familiar     Summ           #.......     88%         3    ####...
 Conjure Flame            Conj/Fire      #.......     88%         3    ####...
 Mephitic Cloud           Conj/Pois/Air  #.......     88%         3    ####...
 Ozocubu's Armour         Chrm/Ice       #.......     88%         3    ####...
 Recall                   Summ/Tloc      N/A          88%         3    ####...
 Regeneration             Chrm/Necr      #.........   88%         3    ####...
 Spider Form              Tmut/Pois      #.........   88%         3    ####...
 Vampiric Draining        Necr           #.........   88%         3    ####...
 Animate Dead             Necr           N/A          99%         4    #####..
 Summon Ice Beast         Ice/Summ       #.......     99%         4    #####..
 Throw Icicle             Conj/Ice       #.......     99%         4    #####..
 Borgnjor's Vile Clutch   Necr/Erth      #.........   100%        5    ######.
 Irradiate                Conj/Tmut      #.........   100%        5    ######.
 Summon Mana Viper        Hex/Summ       #.......     100%        5    ######.
 Death Channel            Necr           #.........   100%        6    #######
 Freezing Cloud           Conj/Ice/Air   #.........   100%        6    #######
 Simulacrum               Ice/Necr       #.........   100%        6    #######
 Ring of Flames           Chrm/Fire      #.........   100%        7    #######
 Summon Hydra             Summ           #.........   100%        7    #######
 Ignition                 Fire           #.........   100%        8    #######


Dungeon Overview and Level Annotations

Branches:
Dungeon (12/15)            Temple (1/1) D:4            Lair (6/6) D:10
 Shoals (0/4) Lair:2        Snake (0/4) Lair:3        Slime (0/5) Lair:6
    Orc (0/2) D:9

Altars:
Ashenzari
Cheibriados
Dithmenos
Fedhas
Nemelex Xobeh
Okawaru
Sif Muna
Trog
Vehumet
Wu Jian
Yredelemnul

Shops:
D:6 %   D:7 (   D:11 =

Portals:
Trove: D:11 (show slimy rune of Zot)

Annotations:
Lair:5 3 runed doors, Nips's ghost, adept MiFi


Innate Abilities, Weirdness & Mutations

You reflexively headbutt those who attack you in melee.
You have a pair of horns on your head.


Message History

The death yak is engulfed in calcifying dust.
The death yak gores you but does no damage.
You are engulfed in calcifying dust.
The death yak gores you. The catoblepas completely misses you.
The death yak gores you!!
* * * LOW HITPOINT WARNING * * *
You are engulfed in calcifying dust.
The death yak gores you but does no damage.
The catoblepas completely misses you. The death yak gores you!
* * * LOW HITPOINT WARNING * * *
You are engulfed in calcifying dust.
The death yak gores you!!
* * * LOW HITPOINT WARNING * * *
The catoblepas gores you but does no damage.
The death yak gores you but does no damage.
The death yak gores you!
* * * LOW HITPOINT WARNING * * *
The catoblepas gores you but does no damage.
The death yak gores you!!
* * * LOW HITPOINT WARNING * * *
The death yak is no longer petrified.
The death yak gores you!!
You die...

##..# #...#
.. #..P# .##
. #...# ..##
.. #...#
...#..8
##..##.....÷.
##.§#Y.....#
##Y#Y...#
#@YY÷.#
#.YY..##
#.........
##..P#####
#.### ###


You could see 5 death yaks and a catoblepas.

Vanquished Creatures
  Azrael (D:12)
  2 catoblepae
  5 hydras
  A centaur warrior (D:11)
  4 two-headed ogres
  14 death yaks
  Nergalle (D:11)
  An ugly thing (D:12)
  A deep elf mage (D:11)
  4 oklob plants (Lair:2)
  A cyclops (D:11)
  3 elephants (Lair:6)
  A merfolk siren (Lair:2)
  A guardian serpent (D:12)
  5 black mambas
  A centaur skeleton (D:8)
  9 spiny frogs
  2 rime drakes
  11 komodo dragons
  A troll (D:12)
  A polar bear (Lair:6)
  Prince Ribbit (D:5)
  3 slime creatures (D:12)
  10 blink frogs
  7 dream sheep (Lair:6)
  12 hippogriffs
  Sigmund (D:4)
  A wyvern (D:9)
  2 basilisks
  2 fire elementals (D:12)
  45 yaks
  5 vampire mosquitoes
  A steam dragon (D:9)
  Menkaure (D:6)
  2 nagas (Lair:3)
  12 water moccasins
  An acid dragon (D:12)
  Purgy (Sewer)
  12 porcupines
  Duvessa (D:6)
  4 hell hounds
  4 ice beasts
  4 orc warriors
  3 sky beasts
  4 necrophages
  7 black bears
  An eye of draining (D:10)
  4 phantoms
  8 ogres
  8 centaurs
  11 wolves
  8 crocodiles
  4 big kobolds
  15 bullfrogs
  A gnoll sergeant (D:8)
  A wyvern zombie (D:8)
  Dowan (D:6)
  2 scorpions
  A water moccasin skeleton (D:7)
  10 killer bees
  7 wights
  9 electric eels
  A howler monkey (D:12)
  9 crimson imps
  6 centaur zombies
  A quasit (D:8)
  7 hounds
  5 jellies
  6 orc priests
  9 orc wizards
  3 bullfrog skeletons
  3 iguanas
  6 hell rats (Lair:6)
  6 worker ants
  A killer bee zombie (D:6)
  2 hound skeletons
  A worker ant zombie (D:11)
  10 gnolls
  17 adders
  A shadow imp (D:5)
  4 oozes
  An adder zombie (D:7)
  2 adder skeletons
  3 worms
  3 dart slugs
  6 leopard geckos
  37 orcs
  18 giant cockroaches
  7 goblins
  5 hobgoblins
  7 jackals
  3 quokkas
  2 ball pythons
  15 bats
  7 frilled lizards
  A jackal skeleton (D:6)
  18 kobolds
  2 leopard gecko skeletons
  15 rats
  3 plants (D:7)
560 creatures vanquished.

Vanquished Creatures (others)
  A vampire mosquito (D:12)
  A bush (Lair:1)
  20 fungi
  21 plants
43 creatures vanquished.

Grand Total: 603 creatures vanquished

Notes
Turn   | Place    | Note
-------+----------+-------------------------------------------
     0 | D:1      | Peloso the Minotaur Fighter began the quest for the Orb.
     0 | D:1      | Reached XP level 1. HP: 19/19 MP: 0/0
   164 | D:1      | Reached XP level 2. HP: 27/27 MP: 1/1
  1002 | D:2      | Reached XP level 3. HP: 29/33 MP: 2/2
  1037 | D:2      | Found a shadowy altar of Dithmenos.
  1145 | D:2      | Found a radiant altar of Vehumet.
  1172 | D:2      | Found a blossoming altar of Fedhas.
  1506 | D:2      | Reached XP level 4. HP: 35/40 MP: 3/3
  1591 | D:2      | You fall through a shaft for 2 floors!
  1611 | D:4      | Noticed an ogre
  1617 | D:4      | Reached skill level 1 in Dodging
  1628 | D:5      | Entered Level 5 of the Dungeon
  1914 | D:4      | Killed an ogre
  1914 | D:4      | Reached skill level 5 in Shields
  1914 | D:4      | Reached XP level 5. HP: 36/47 MP: 4/4
  2070 | D:4      | Reached XP level 6. HP: 33/53 MP: 5/5
  2088 | D:5      | Reached skill level 5 in Armour
  2284 | D:5      | Noticed an ice beast
  2296 | D:5      | Killed an ice beast
  2462 | D:3      | Found an ornate altar of the Wu Jian Council.
  2632 | D:3      | Reached skill level 5 in Long Blades
  2667 | D:3      | Reached XP level 7. HP: 56/60 MP: 6/6
  2827 | D:3      | Found a glowing drain.
  2842 | Sewer    | Entered a sewer
  2882 | Sewer    | Noticed Purgy
  2897 | Sewer    | Killed Purgy
  3631 | D:4      | Found a staircase to the Ecumenical Temple.
  3638 | Temple   | Entered the Ecumenical Temple
  3674 | Temple   | Became a worshipper of Warmaster Okawaru
  3799 | D:4      | Found a bloodstained altar of Trog.
  3826 | D:4      | Noticed Sigmund
  3851 | D:4      | Killed Sigmund
  3974 | D:5      | Found a snail-covered altar of Cheibriados.
  4109 | D:5      | Reached skill level 5 in Fighting
  4178 | D:5      | Noticed Prince Ribbit
  4384 | D:5      | Reached * piety under Okawaru
  4384 | D:5      | Reached XP level 8. HP: 68/68 MP: 7/7
  4631 | D:5      | Killed Prince Ribbit
  4684 | D:6      | Noticed Duvessa
  4685 | D:6      | Noticed Dowan
  5064 | D:6      | Killed Duvessa
  5079 | D:6      | Killed Dowan
  5302 | D:6      | Noticed Menkaure
  5312 | D:6      | Killed Menkaure
  5319 | D:6      | Found Jeggomm's Food Shoppe.
  5460 | D:6      | Reached ** piety under Okawaru
  5460 | D:6      | Reached XP level 9. HP: 52/75 MP: 8/8
  5854 | D:7      | Found Qoyprocashu's Weapon Shop.
  6289 | D:7      | Found an iron altar of Okawaru.
  8252 | D:8      | Reached *** piety under Okawaru
  8252 | D:8      | Reached skill level 1 in Evocations
  8529 | D:8      | Found a deep blue altar of Sif Muna.
  8601 | D:8      | Reached XP level 10. HP: 52/86 MP: 9/9
  8631 | D:8      | Reached skill level 10 in Shields
  8721 | D:8      | Reached **** piety under Okawaru
  8832 | D:9      | Noticed a two-headed ogre
  8855 | D:9      | Killed a two-headed ogre
  8895 | D:9      | Found a staircase to the Orcish Mines.
  9206 | D:9      | Found a sparkling altar of Nemelex Xobeh.
  9207 | D:9      | Noticed a two-headed ogre
  9217 | D:9      | Killed a two-headed ogre
  9217 | D:9      | Reached skill level 10 in Long Blades
  9217 | D:9      | Reached skill level 10 in Armour
  9308 | D:9      | Reached ***** piety under Okawaru
  9363 | D:9      | Received a gift from Okawaru
  9411 | D:9      | Noticed a two-headed ogre
  9422 | D:9      | Killed a two-headed ogre
  9424 | D:9      | Found a shattered altar of Ashenzari.
  9517 | D:9      | Reached XP level 11. HP: 29/95 MP: 11/11
 10360 | D:10     | Entered Level 10 of the Dungeon
 10438 | D:10     | Reached ****** piety under Okawaru
 10659 | D:9      | Reached skill level 1 in Stealth
 10889 | D:10     | Found a staircase to the Lair.
 10964 | D:10     | Received a gift from Okawaru
 11592 | D:11     | Noticed a centaur warrior
 11786 | D:11     | Killed a centaur warrior
 12143 | D:11     | Noticed a two-headed ogre
 12149 | D:11     | Killed a two-headed ogre
 12169 | D:11     | Noticed a deep elf mage
 12175 | D:11     | Killed a deep elf mage
 12304 | D:11     | Found Xiqar's Jewellery Emporium.
 12341 | D:11     | Bought an uncursed amulet of faith for 560 gold pieces
 12550 | D:11     | Found a portal to a secret trove of treasure.
 12651 | Lair:1   | Entered Level 1 of the Lair of Beasts
 13089 | Lair:1   | Reached XP level 12. HP: 100/106 MP: 12/12
 13996 | Lair:1   | Reached skill level 10 in Fighting
 14527 | Lair:2   | Received a gift from Okawaru
 14546 | Lair:2   | Got an ichor-stained scale mail {god gift}
 14558 | Lair:2   | Identified the +6 scale mail of Amelioration {rN+ Int+6}
                  | (Okawaru gifted it to you on level 2 of the Lair of Beasts)
 14938 | Lair:2   | Found a staircase to the Shoals.
 15094 | Lair:2   | Found the ring of the Octopus King
 15132 | Lair:2   | Got a vibrating lead ring
 15687 | D:12     | Reached skill level 5 in Dodging
 15737 | D:12     | Noticed Azrael
 15738 | D:12     | Identified the ring "Qeonurr" {rPois rC+ Slay+3} (You found
                  | it on level 2 of the Lair of Beasts)
 16124 | D:12     | Killed Azrael
 16124 | D:12     | Reached skill level 1 in Invocations
 16693 | D:12     | Noticed Nergalle
 16930 | D:11     | Killed Nergalle
 17840 | Lair:2   | Received a gift from Okawaru
 18598 | Lair:2   | Reached XP level 13. HP: 54/116 MP: 13/13
 18605 | Lair:2   | Got a ring of the Octopus King
 18607 | Lair:2   | Identified a ring of the Octopus King {rC+ AC+1 EV+1 Str+1
                  | Int+1 Dex+1} (You found it on level 2 of the Lair of
                  | Beasts)
 18619 | Lair:2   | Identified the Almanac of Transmigration and Ignition
 19075 | Lair:3   | Received a gift from Okawaru
 19076 | Lair:3   | Found a staircase to the Snake Pit.
 19201 | Lair:3   | Got a polished long sword {god gift}
 19202 | Lair:3   | Identified the +9 long sword of Hamibyl {flame, Dex+3}
                  | (Okawaru gifted it to you on level 3 of the Lair of Beasts)
 20048 | Lair:4   | Received a gift from Okawaru
 20510 | Lair:5   | Found a shattered altar of Ashenzari.
 20570 | Lair:5   | Got a slimy bone ring
 20586 | Lair:5   | Identified the ring "Mavoydghy" {rCorr rPois rN+++ MP+9
                  | Stlth-} (You found it on level 5 of the Lair of Beasts)
 20599 | Lair:5   | Found a runed gate.
 20599 | Lair:5   | Found a runed gate.
 20599 | Lair:5   | Found a runed gate.
 20599 | Lair:5   | Noticed Nips's ghost (adept MiFi)
 20738 | Lair:5   | You fall through a shaft!
 20738 | Lair:6   | Entered Level 6 of the Lair of Beasts
 20738 | Lair:6   | Found a staircase to the Slime Pits.
 20826 | Lair:6   | Received a gift from Okawaru
 21009 | Lair:6   | Received a gift from Okawaru
 21009 | Lair:6   | Reached skill level 15 in Shields
 21012 | Lair:6   | Got a pair of dazzling boots {god gift}
 21018 | Lair:6   | Identified the +1 pair of boots of Vuradusch {Str-4 Dex+5
                  | Stlth-} (Okawaru gifted it to you on level 6 of the Lair of
                  | Beasts)
 21222 | Lair:6   | Reached XP level 14. HP: 119/127 MP: 14/14
 21402 | Lair:6   | Reached skill level 15 in Long Blades
 21847 | Lair:6   | Received a gift from Okawaru
 22191 | Lair:6   | Got a transparent double sword {god gift}
 22192 | Lair:6   | Identified the +1 double sword "Tughyxt" {protect, rElec
                  | rN+ Str-2} (Okawaru gifted it to you on level 6 of the Lair
                  | of Beasts)
 22237 | Lair:6   | Slain by a death yak

Skill      XL: |  1  2  3  4  5  6  7  8  9 10 11 12 13 14 |
---------------+-------------------------------------------+-----
Shields        | 4 5 6 7 8 9 10 12 13 15 | 15.9
Fighting       | 4 5 7 8 9 11 12 | 12.7
Armour         | 4 5 6 8 9 10 11 12 13 | 13.3
Long Blades    | 4 5 7 9 10 12 13 14 15 | 15.2
Dodging        | 1 2 3 4 5 7 8 |  8.1
Evocations     | 1 2 |  2.1
Stealth        | 1 2 |  2.4
Invocations    | 1 2 |  2.0
Unarmed Combat | |  0.5

Action                   |  1- 3 |  4- 6 |  7- 9 | 10-12 | 13-15 || total
-------------------------+-------+-------+-------+-------+-------++-------
Melee: Long sword        |    90 |   138 |   156 |       |   369 ||   753
       Headbutt          |    15 |    19 |    99 |   245 |   132 ||   510
       Falchion          |       |       |   331 |   877 |       ||  1208
       Unarmed           |       |       |     4 |       |       ||     4
       Scimitar          |       |       |       |   109 |    63 ||   172
Invok: Heroism           |       |       |     1 |     5 |     4 ||    10
       Finesse           |       |       |       |     2 |       ||     2
Evoke: Wand              |       |       |    16 |    14 |       ||    30
  Use: Scroll            |     3 |     3 |     4 |    16 |     3 ||    29
       Potion            |       |     1 |       |     2 |     3 ||     6
 Stab: Invisible         |       |       |       |     5 |       ||     5
       Petrified         |       |       |       |       |     2 ||     2
  Eat: Chunk             |     1 |     1 |    17 |    26 |    11 ||    56
       Ration            |       |     1 |     1 |     2 |       ||     4
Armor: Scale mail        |    76 |    58 |    13 |    61 |   136 ||   344
       Chain mail        |       |       |   137 |    91 |       ||   228
       Skin              |       |       |     1 |       |       ||     1
       Plate armour      |       |       |       |    77 |       ||    77
Dodge: Dodged            |    46 |    54 |   148 |   215 |   189 ||   652
Block: Shield            |    60 |   100 |   301 |   535 |   352 ||  1348
       Rpst.: Long sword |    14 |    13 |    14 |       |    50 ||    91
       Falchion          |       |       |    19 |    42 |       ||    61
       Scimitar          |       |       |       |     8 |     3 ||    11
